 Dungeon Crawl Stone Soup version 0.31-a0-176-g91f28db67f (webtiles) character file.

Game seed: 12380798053213212842

2 Hajna the Caller (level 1, 0/13 HPs)
             Began as a Merfolk Summoner on June 18, 2023.
             Hit by a stone thrown by a kobold (1 damage)
             ... on level 1 of the Dungeon.
             The game lasted 00:00:30 (32 turns).

Hajna the Caller (Merfolk Summoner)                   Turns: 32, Time: 00:00:30

Health: 0/13       AC:  2    Str:  8    XL:     1   Next: 30%
Magic:  2/3        EV: 12    Int: 14    God:
Gold:   19         SH:  0    Dex: 14    Spells: 3/4 levels left

rFire   . . .        (no weapon)
rCold   . . .        (no shield)
rNeg    . . .        a - +0 robe
rPois   .            (no helmet)
rElec   .            (no cloak)
rCorr   .            (no gloves)
SInv    .            (no boots)
Will    .....        (no amulet)
Stlth   ++           (no ring)
HPRegen 0.22/turn    (no ring)
MPRegen 0.08/turn

%: no passive effects
@: no status effects
A: (nimble swimmer 2), mertail
a: no special abilities


You were on level 1 of the Dungeon.
You visited 1 branch of the dungeon, and saw 1 of its levels.

You collected 19 gold pieces.

Inventory:

Armour
 a - a +0 robe (worn)
Potions
 b - a potion of magic


   Skills:
 + Level 2.8 Dodging
 + Level 2.1 Stealth
 + Level 2.0 Spellcasting
 + Level 4.0 Summonings


You had 3 spell levels left.
You knew the following spells:

 Your Spells              Type           Power      Damage    Failure   Level
a - Summon Small Mammal   Summ           48%        N/A       4%          1

Your spell library contained the following spells:

 Spells                   Type           Power      Damage    Failure   Level
 Call Imp                 Summ           24%        N/A       7%          2
 Call Canine Familiar     Summ           12%        N/A       14%         3
 Summon Guardian Golem    Hex/Summ       7%         N/A       30%         3
 Summon Lightning Spire   Summ/Air       7%         N/A       71%         4


Dungeon Overview and Level Annotations

Branches:
Dungeon (1/15)

Altars:


Innate Abilities, Weirdness & Mutations

((You are very nimble when in or above water. (Stealth+, EV+, Speed+++)))
Your lower body shifts to a powerful aquatic tail in water.


Message History

The kobold dies!
You hit the hobgoblin but do no damage. Your quokka misses the hobgoblin.
The hobgoblin hits you.
You hit the hobgoblin.
The hobgoblin is heavily wounded.
The hobgoblin misses you.
You hit the hobgoblin.
You kill the hobgoblin!
No target in view!
No target in view!
No target in view!
No target in view!
No target in view!
A kobold comes into view. It is wielding a +0 whip.
Things that are here:
a +0 short sword; a hobgoblin corpse You swap places.
The kobold throws a stone.
The stone misses you.
You barely miss the kobold. Your quokka misses the kobold.
The kobold closely misses you.
You hit the kobold but do no damage. Your quokka misses the kobold.
Your quokka completely misses the kobold.
Your quokka barely misses the kobold.
The kobold hits you with a +0 whip.
You are too injured to fight recklessly!
You are too injured to fight recklessly!
You are too injured to fight recklessly!
You are too injured to fight recklessly!
You are too injured to fight recklessly!
You are too injured to fight recklessly!
You hit the kobold.
The kobold is heavily wounded.
Your quokka completely misses the kobold.
Your quokka closely misses the kobold.
The kobold barely misses you.
You hit the kobold but do no damage.
The kobold is heavily wounded.
Your quokka closely misses the kobold.
Your quokka barely misses the kobold.
The kobold hits you with a +0 whip.
* * * LOW HITPOINT WARNING * * *
Your quokka misses the kobold. x2; The kobold throws a stone.
The stone hits you.
You die...

# # .## #. ..# #.#####
#.# ...).###.# ....##..#
#####..##..# ###########
....#..##..####..r.......
....#....[....).@.K...#
....#..##.........r...#
<...#..##..#.............
....'..##....###.##....##
....#..####### #.# .####
....#..# #.. .# #+###..#
#..# # ...# ...# ...#


You could see a kobold (ally target) and 2 friendly quokkas.

Vanquished Creatures
  A hobgoblin (D:1)
1 creature vanquished.

Vanquished Creatures (collateral kills)
  A kobold (D:1)
1 creature vanquished.

Grand Total: 2 creatures vanquished

Notes
Turn   | Place    | Note
-------+----------+-------------------------------------------
     0 | D:1      | Hajna the Merfolk Summoner began the quest for the Orb.
     0 | D:1      | Reached XP level 1. HP: 13/13 MP: 3/3
    32 | D:1      | Hit by a stone thrown by a kobold

Illustrated notes

Levels and vault maps discovered:
D:1:      lemuel_arrival_room, layout_rooms, minmay_misc_feat_five

Action                     || total
---------------------------++-------
  Melee: Unarmed           ||    10
   Cast: Summon Small Mamm ||     2
 Armour: Robe              ||     1
  Dodge: Dodged            ||     5

Table legend: (Time is in decaauts)
 A = Elapsed time spent in this place.
 B = Non-inter-level travel time spent in this place.
 C = Inter-level travel time spent in this place.
 D = Time resting spent in this place.
 E = Time spent auto-exploring this place.
 F = Levels seen in this place.
 G = Mean time per level.
                   A        B        C        D        E       F      G
               +--------+--------+--------+--------+--------+-----+--------+
         Total |     32 |     32 |      0 |      0 |     10 |   1 |   32.0 |
       Dungeon |     32 |     32 |      0 |      0 |     10 |   1 |   32.0 |
               +--------+--------+--------+--------+--------+-----+--------+

Top non-repeatable levels by time:
     D:1: 32 daAuts
